 Dungeon Crawl Stone Soup version 0.23.2-1-ga50397a (webtiles) character file.

Game seed: 4485341614015683269

46 dengdeng the Skirmisher (level 3, -1/33 HPs)
             Began as a Minotaur Berserker on May 6, 2019.
             Was a Believer of Trog.
             Slain by Natasha (7 damage)
             ... on level 3 of the Dungeon.
             The game lasted 00:05:57 (1899 turns).

dengdeng the Skirmisher (Minotaur Berserker)        Turns: 1899, Time: 00:05:58

Health: -1/33      AC:  6    Str: 22    XL:     3   Next: 44%
Magic:  2/2        EV: 10    Int:  4    God:    Trog [**....]
Gold:   110        SH:  0    Dex:  9    Spells: 2/2 levels left

rFire    . . .     SeeInvis .   a - +0 hand axe
rCold    . . .     Gourm    .   (no shield)
rNeg     . . .     Faith    .   f - +0 scale mail
rPois    .         Spirit   .   (helmet restricted)
rElec    .         Reflect  .   (no cloak)
rCorr    .         Harm     .   (no gloves)
MR       .....                  (no boots)
Stlth    ..........             (no amulet)
HPRegen  0.11/turn              (no ring)
MPRegen  0.08/turn              (no ring)

@: no status effects
A: retaliatory headbutt, horns 2
a: Berserk, Trog's Hand, Renounce Religion


You were on level 3 of the Dungeon.
You worshipped Trog.
Trog was pleased with you.
You were not hungry.

You visited 1 branch of the dungeon, and saw 3 of its levels.

You collected 110 gold pieces.

Inventory:

Hand Weapons
 a - a +0 hand axe (weapon)
Missiles
 d - 110 stones (quivered)
Armour
 f - a +0 scale mail (worn)
Scrolls
 b - a scroll of immolation {unknown}
 i - a scroll of teleportation {unknown}
 j - a scroll of fog {unknown}
 l - a scroll of enchant armour {unknown}
 o - a scroll of remove curse {unknown}
 q - a scroll of noise {unknown}
Potions
 e - a potion of lignification {unknown}
 g - 2 potions of degeneration {unknown}
 h - a potion of agility {unknown}
 k - 2 potions of flight {unknown}
 n - a potion of invisibility {unknown}
 p - a potion of curing {unknown}
Comestibles
 c - 5 rations


   Skills:
 + Level 4.3 Fighting
 + Level 4.3 Axes
 + Level 0.5 Throwing
 * Level 2.9 Armour
 + Level 2.4 Dodging
 + Level 0.1 Stealth


You had 2 spell levels left.
You didn't know any spells.
Your spell library was empty.

Dungeon Overview and Level Annotations

Branches:
Dungeon (3/15)

Altars:
Elyvilon
Makhleb
Nemelex Xobeh
Ru

Annotations:
D:3 Natasha


Innate Abilities, Weirdness & Mutations

You reflexively headbutt those who attack you in melee.
You have a pair of horns on your head.


Message History

Found a scroll labeled TAGESCH XOOBU.
Found a stone staircase leading down.
You closely miss Natasha. You headbutt Natasha!
Natasha is severely wounded.
Natasha claws you.
You hit Natasha.
Natasha is almost dead.
Natasha barely misses you.
You hit Natasha but do no damage.
Natasha is almost dead.
Natasha casts a spell.
You closely miss Natasha. Your headbutt misses Natasha.
Natasha is almost dead.
You hit the crimson imp. Natasha claws you!
* * * LOW HITPOINT WARNING * * *
The crimson imp closely misses you. You furiously retaliate!
You headbutt the crimson imp, but do no damage.
You miss Natasha. You headbutt Natasha, but do no damage.
Natasha is almost dead.
You hit the crimson imp. Natasha claws you!
You die...

##. #......##[. #>#?
.. ....#.#.#...
###.#.##.######
#.#.....
.......#....
#.#..... .......
...# #.####..
....... #.######.##
##. .......
#.........# #.
......h###.######..#
#. .._....@...# #..#
#. .......5.### #..#
#. #.##...###
######..####. ##..
#.......<.... #..
#(####.)####. ...
#..# #) .#..
########..# #. .....
..........####.
......<........


You could see Natasha and a crimson imp.

Vanquished Creatures
  2 worms
  A dart slug (D:1)
  3 leopard geckos (D:2)
  5 giant cockroaches
  5 goblins
  A hobgoblin (D:3)
  2 jackals (D:2)
  2 ball pythons (D:2)
  2 bats (D:1)
  2 frilled lizards
  3 kobolds
  6 rats
34 creatures vanquished.

Notes
Turn   | Place    | Note
-------+----------+-------------------------------------------
     0 | D:1      | dengdeng the Minotaur Berserker began the quest for the
                  | Orb.
     0 | D:1      | Reached XP level 1. HP: 19/19 MP: 0/0
   413 | D:1      | Reached XP level 2. HP: 27/27 MP: 1/1
  1002 | D:2      | Reached XP level 3. HP: 33/33 MP: 2/2
  1083 | D:2      | Found a sparkling altar of Nemelex Xobeh.
  1131 | D:2      | Found a sacrificial altar of Ru.
  1255 | D:2      | Found a white marble altar of Elyvilon.
  1255 | D:2      | Found a sacrificial altar of Ru.
  1309 | D:2      | Reached ** piety under Trog
  1335 | D:2      | Found a faded altar of an unknown god.
  1892 | D:3      | Found a burning altar of Makhleb.
  1892 | D:3      | Noticed Natasha
  1899 | D:3      | Slain by Natasha

Skill      XL: |  1  2 |
---------------+-------+-----
Fighting       | 4 |  4.3
Axes           | 4 |  4.3
Throwing       | |  0.5
Armour         | |  2.9
Dodging        | |  2.4
Stealth        | |  0.1

Action                   || total
-------------------------++-------
Melee: Hand axe          ||    63
       Headbutt          ||    19
Throw: Stone             ||    52
  Eat: Chunk             ||     3
Armor: Animal skin       ||     7
       Leather armour    ||     5
       Scale mail        ||     1
Dodge: Dodged            ||    32
